 Dungeon Crawl Stone Soup version 0.24.0-29-g8ce449bc06 (webtiles) character file.

Game seed: 16251611326279021715, levelgen mode: deterministic

16853 Luthien the Devastator (level 12, -1/61 HPs)
             Began as a Deep Elf Conjurer on Nov 15, 2019.
             Was an Elder of Vehumet.
             Killed from afar by an efreet (30 damage)
             ... with a fireball
             ... in a volcano on Nov 16, 2019.
             The game lasted 02:35:07 (13680 turns).

Luthien the Devastator (Deep Elf Conjurer)         Turns: 13680, Time: 02:35:16

Health: -1/61      AC: 10    Str:  5    XL:     12   Next: 13%
Magic:  3/45       EV: 14    Int: 22    God:    Vehumet [****..]
Gold:   577        SH:  0    Dex: 19    Spells: 21/35 levels left

rFire    . . .     SeeInvis .   C - staff of power
rCold    . . .     Gourm    .   (no shield)
rNeg     . . .     Faith    .   H - +0 leather armour {rPois}
rPois    +         Spirit   .   K - +0 helmet
rElec    .         Reflect  .   (no cloak)
rCorr    +         Harm     .   k - +1 pair of gloves
MR       +....                  G - +0 pair of boots
Stlth    +++.......             i - amulet of magic regeneration
HPRegen  0.20/turn              O - +3 ring of protection
MPRegen  0.54/turn              W - ring of resist corrosion

@: studying Ice Magic
A: no striking features
a: Renounce Religion


You were in a volcano.
You worshipped Vehumet.
Vehumet was greatly pleased with you.
You were not hungry.

You visited 3 branches of the dungeon, and saw 14 of its levels.
You also visited: Ice Cave and Volcano.

You collected 785 gold pieces.
You spent 208 gold pieces at shops.

Inventory:

Missiles
 h - 386 stones (quivered)
Armour
 k - a +1 pair of gloves (worn)
 G - a +0 pair of boots (worn)
 H - a +0 leather armour of poison resistance (worn)
 K - a +0 helmet (worn)
Magical Staves
 o - an uncursed staff of cold
 C - an uncursed staff of power (weapon)
Jewellery
 i - an amulet of magic regeneration (around neck)
 O - a +3 ring of protection (left hand)
 W - a ring of resist corrosion (right hand)
Wands
 d - a wand of enslavement (8)
 p - a wand of paralysis (10)
 w - a wand of iceblast (12)
 x - a wand of disintegration (7)
 L - a wand of acid (12)
Scrolls
 e - 3 scrolls of enchant weapon
 f - 3 scrolls of teleportation
 g - 7 scrolls of enchant armour
 P - a scroll of blinking
 V - a scroll of fear
Potions
 l - 2 potions of brilliance
 s - 2 potions of resistance
 u - 7 potions of might
 B - 3 potions of curing
 Q - 2 potions of berserk rage
 R - 2 potions of invisibility
Books
 v - a manual of Ice Magic
Comestibles
 c - 22 rations


   Skills:
 + Level 1.4 Fighting
 - Level 5.0 Dodging
 - Level 5.1 Stealth
   Level 2.6 Shields
 + Level 12.0 Spellcasting
 - Level 16.4 Conjurations
 + Level 5.2 Ice Magic
 - Level 5.0 Evocations


You had 21 spell levels left.
You knew the following spells:

 Your Spells              Type           Power        Failure   Level  Hunger
a - Throw Flame           Conj/Fire      #####.       1%          2    None
b - Searing Ray           Conj           ######       0%          2    None
c - Iskenderun's Mystic   Conj           ######..     1%          4    None
d - Fulminant Prism       Conj/Hex       #####.....   1%          4    None
A - Freeze                Ice            ####         1%          1    None
B - Magic Dart            Conj           ####         0%          1    None

Your spell library contained the following spells:

 Spells                   Type           Power        Failure   Level  Hunger
 Olgreb's Toxic Radiance  Pois           ##......     21%         4    None
 Dazzling Spray           Conj/Hex       #####.       1%          3    None
 Force Lance              Conj/Tloc      #####...     1%          4    None
 Confusing Touch          Hex            ##....       9%          1    None
 Confuse                  Hex            ##......     24%         3    None
 Gell's Gravitas          Tloc           ##........   24%         3    None
 Yara's Violent Unravell  Hex/Tmut       ##........   47%         5    ####...
 Metabolic Englaciation   Hex/Ice        ###.......   61%         5    ####...
 Petrify                  Tmut/Erth      ##......     63%         4    None


Dungeon Overview and Level Annotations

Branches:
Dungeon (11/15)            Temple (1/1) D:5            Lair (2/6) D:11
    Orc (0/2) D:9           IceCv (visited)         Volcano (1/1)
  Swamp: Lair:2-4    Shoals: Lair:2-4     Snake: Lair:2-4    Spider: Lair:2-4

Altars:
Ashenzari
Cheibriados
Dithmenos
Elyvilon
Fedhas
Gozag
Hepliaklqana
Kikubaaqudgha
Makhleb
Nemelex Xobeh
Okawaru
Qazlal
Ru
Sif Muna
Trog
Uskayaw
Vehumet
Wu Jian
Xom
Yredelemnul
Zin
The Shining One
Beogh

Shops:
D:8 !   D:11 :

Portals:
Trove: D:11 (give +4 ice dragon scales)

Annotations:
D:4 3 runed translucent doors, KrasnyyBoyets's ghost, amateur MiFi
D:6 1 runed translucent door, Setanta's ghost, novice GnFi
D:10 1 runed translucent door
D:11
Trove:4 ice dragon scales


Message History

The fireball engulfs your fulminant prism!
Your fulminant prism resists.
Your fulminant prism detonates feebly.
Unknown command.
Unknown command.
Unknown command.
You feel much better. The efreet gestures at you. The bolt of fire hits you!
Casting: Fulminant Prism (safe; 1% risk of failure)
Confirm with . or Enter, or press ? or * to list all spells.
Aiming: Fulminant Prism (safe; 1% risk of failure)
Press: ? - help, Dir - move target cursor You conjure a prism of explosive energy!
A fulminant prism comes into view.
The efreet gestures at you.
The fireball explodes!
The fireball engulfs the fire elemental.
The fire elemental completely resists.
The fireball engulfs you!!
You die...

##≈....#E
#°§....#.
#°..∩..'####
#≈≈....##≈≈###
#≈≈....#≈§§≈≈####
#≈≈....#≈≈§≈≈≈.○#
#≈°.∩..'.≈≈*.○.#
#○≈....#..≈.○°#
##○....#..@ER##
##...###...##
##.## ##.## ###
###


You could see an efreet, a fire elemental and a friendly fulminant prism.

Vanquished Creatures
  A hydra (D:10)
  A two-headed ogre (D:7)
  2 unseen horrors (D:10)
  2 ugly things (IceCv)
  2 oklob plants (D:11)
  3 ice statues (IceCv)
  A black mamba (Lair:2)
  A toenail golem (Volcano)
  A gargoyle (D:9)
  A rime drake (Lair:2)
  2 dream sheep (D:10)
  12 yaks
  A wyvern (D:9)
  2 fire elementals (Volcano)
  A hungry ghost (D:7)
  Menkaure (D:6)
  4 water moccasins
  2 porcupines (Lair:1)
  A black bear (D:7)
  12 ice beasts
  7 orc warriors
  A phantom (D:10)
  2 sky beasts
  3 necrophages
  An ogre (D:7)
  4 centaurs
  6 wolves (Lair:1)
  3 crocodiles
  4 big kobolds
  An earth elemental (Volcano)
  7 bullfrogs
  3 scorpions
  11 killer bees
  9 wights
  7 howler monkeys
  2 crimson imps
  2 centaur zombies (D:9)
  13 orc priests
  A hound (D:9)
  2 jellies (D:10)
  15 orc wizards
  A bullfrog skeleton (D:7)
  Natasha (thrice) (D:4)
  An iguana (D:8)
  8 worker ants
  5 worker ant zombies
  A howler monkey skeleton (D:8)
  10 adders
  3 shadow imps
  2 oozes
  An adder zombie (D:7)
  An adder skeleton (D:9)
  3 worms
  A dart slug (D:1)
  8 leopard geckos
  57 orcs
  7 giant cockroaches
  4 goblins
  7 hobgoblins
  2 jackals (D:7)
  A quokka (D:5)
  A ball python (D:1)
  3 bats
  9 frilled lizards
  11 kobolds
  4 rats
  2 fire vortices (Volcano)
  4 plants (D:11)
317 creatures vanquished.

Vanquished Creatures (others)
  136 fulminant prisms
136 creatures vanquished.

Grand Total: 453 creatures vanquished

Notes
Turn   | Place    | Note
-------+----------+-------------------------------------------
     0 | D:1      | Luthien the Deep Elf Conjurer began the quest for the Orb.
     0 | D:1      | Reached XP level 1. HP: 10/10 MP: 6/6
   245 | D:1      | Reached XP level 2. HP: 15/15 MP: 4/8
   715 | D:1      | Learned a level 2 spell: Searing Ray
   746 | D:2      | Reached XP level 3. HP: 19/19 MP: 7/10
   931 | D:2      | Reached skill level 5 in Conjurations
  1070 | D:2      | Reached XP level 4. HP: 24/24 MP: 10/12
  1121 | D:2      | Found an iron altar of Okawaru.
  1938 | D:3      | Reached skill level 5 in Spellcasting
  1994 | D:3      | Reached XP level 5. HP: 28/28 MP: 11/14
  2741 | D:4      | Noticed Natasha
  2745 | D:4      | Reached skill level 6 in Conjurations
  2752 | D:4      | Killed Natasha
  2840 | D:4      | Noticed Natasha
  2845 | D:4      | Killed Natasha
  2900 | D:4      | Found a runed translucent gate.
  2900 | D:4      | Found a runed translucent gate.
  2901 | D:4      | Found a runed translucent gate.
  2924 | D:4      | Learned a level 4 spell: Iskenderun's Mystic Blast
  2989 | D:4      | Reached XP level 6. HP: 32/32 MP: 12/17
  3125 | D:4      | Noticed Natasha
  3134 | D:4      | Killed Natasha
  3378 | D:4      | Noticed KrasnyyBoyets's ghost (amateur MiFi)
  3469 | D:4      | Found an opulent altar of Gozag.
  3577 | D:5      | Entered Level 5 of the Dungeon
  3616 | D:5      | Noticed an ice beast
  3621 | D:5      | Killed an ice beast
  3621 | D:5      | Reached skill level 7 in Conjurations
  3621 | D:5      | Reached XP level 7. HP: 36/36 MP: 13/19
  3627 | D:5      | Learned a level 4 spell: Fulminant Prism
  4175 | D:5      | Found a staircase to the Ecumenical Temple.
  4182 | Temple   | Entered the Ecumenical Temple
  4199 | Temple   | Became a worshipper of Vehumet
  4515 | D:5      | Found a hazy altar of Hepliaklqana.
  4515 | D:5      | Found a sparkling altar of Nemelex Xobeh.
  4605 | D:6      | Noticed Menkaure
  4625 | D:6      | Killed Menkaure
  4809 | D:6      | Found a runed translucent door.
  4809 | D:6      | Found a shimmering altar of Xom.
  4809 | D:6      | Noticed Setanta's ghost (novice GnFi)
  4810 | D:6      | Noticed a +0 mace of chaos
  4845 | D:6      | Found a blossoming altar of Fedhas.
  4856 | D:6      | Reached skill level 8 in Conjurations
  5766 | D:7      | Reached skill level 9 in Conjurations
  5766 | D:7      | Reached XP level 8. HP: 41/41 MP: 22/22
  6030 | D:7      | Reached skill level 10 in Conjurations
  6491 | D:7      | Reached skill level 11 in Conjurations
  6588 | D:7      | Noticed a two-headed ogre
  6597 | D:7      | Killed a two-headed ogre
  6597 | D:7      | Reached skill level 12 in Conjurations
  6597 | D:7      | Reached XP level 9. HP: 9/45 MP: 23/23
  7531 | D:8      | Reached skill level 13 in Conjurations
  7807 | D:8      | Found Pollanwett's Distillery.
  7814 | D:8      | Bought a potion of curing for 39 gold pieces
  7814 | D:8      | Bought a potion of curing for 39 gold pieces
  7814 | D:8      | Bought a potion of heal wounds for 65 gold pieces
  7814 | D:8      | Bought a potion of heal wounds for 65 gold pieces
  7852 | D:8      | Reached * piety under Vehumet
  7852 | D:8      | Offered knowledge of Freeze by Vehumet.
  7865 | D:8      | Reached skill level 14 in Conjurations
  7896 | D:8      | Learned a level 1 spell: Freeze
  8004 | D:8      | Reached XP level 10. HP: 35/50 MP: 24/24
  8863 | D:9      | Reached skill level 15 in Conjurations
  8994 | D:9      | Found a staircase to the Orcish Mines.
  8998 | D:9      | Found a roughly hewn altar of Beogh.
  9001 | D:9      | Noticed a gargoyle
  9050 | D:9      | Reached ** piety under Vehumet
  9050 | D:9      | Offered knowledge of Flame Tongue by Vehumet.
  9596 | D:9      | Killed a gargoyle
  9596 | D:9      | Reached skill level 16 in Conjurations
  9809 | D:10     | Entered Level 10 of the Dungeon
  9837 | D:10     | Offered knowledge of Throw Flame by Vehumet.
  9866 | D:10     | Learned a level 2 spell: Throw Flame
 10172 | D:10     | Found a runed translucent door.
 10207 | D:10     | Reached *** piety under Vehumet
 10220 | D:10     | Reached skill level 1 in Evocations
 10220 | D:10     | Reached XP level 11. HP: 19/54 MP: 25/25
 10223 | D:10     | Killed an unseen horror
 10223 | D:10     | Reached skill level 1 in Shields
 10724 | D:10     | Offered knowledge of Mephitic Cloud by Vehumet.
 10741 | D:10     | Noticed a two-headed hydra
 10798 | D:10     | Killed a two-headed hydra
 11235 | D:10     | Got an ancient plate armour
 11272 | D:10     | Killed an unseen horror
 11272 | D:10     | Reached skill level 5 in Stealth
 11276 | D:10     | Reached skill level 5 in Dodging
 11600 | D:10     | Found a basalt altar of Yredelemnul.
 11635 | D:11     | Noticed an oklob plant
 11741 | D:11     | Found a frozen archway.
 11747 | D:11     | Found Zaunar's Book Shoppe.
 11763 | IceCv    | Entered an ice cave
 11772 | IceCv    | Reached **** piety under Vehumet
 11777 | IceCv    | Offered knowledge of Olgreb's Toxic Radiance by Vehumet.
 11849 | IceCv    | Noticed a white ugly thing
 11869 | IceCv    | Killed a white ugly thing
 11871 | IceCv    | Reached skill level 10 in Spellcasting
 12042 | IceCv    | Reached skill level 5 in Evocations
 12057 | IceCv    | Noticed a white ugly thing
 12062 | IceCv    | Killed a white ugly thing
 12248 | D:11     | Identified the +4 plate armour "Peanas" {*Slow rPois Int-3
                  | Dex+8} (You found it on level 10 of the Dungeon)
 12342 | D:11     | Found a portal to a secret trove of treasure.
 12462 | D:11     | Noticed an oklob plant
 12497 | D:11     | Found a staircase to the Lair.
 13008 | D:11     | Killed an oklob plant
 13080 | D:11     | Killed an oklob plant
 13193 | Lair:1   | Entered Level 1 of the Lair of Beasts
 13257 | Lair:1   | Reached XP level 12. HP: 51/59 MP: 29/29
 13326 | Lair:1   | You fall into a shaft and drop 1 floor!
 13356 | Lair:2   | Noticed a six-headed hydra
 13628 | Lair:1   | Found a dark tunnel.
 13640 | Volcano  | Entered a volcano
 13651 | Volcano  | Reached skill level 1 in Fighting
 13666 | Volcano  | Reached skill level 5 in Ice Magic
 13680 | Volcano  | Killed from afar by an efreet

Levels and vault maps discovered:
D:1:      beargit_arrival_greenhouse, layout_loops_ring
D:2:      layout_basic, lemuel_doored_altar
D:3:      layout_basic, first_ration
D:4:      layout_cave_pools, kennysheep_mini_moat, gammafunk_ghost_necromancy,
          uniq_natasha
D:5:      layout_loops_ring, gammafunk_temple_overflow_elements,
          minmay_temple_entry_slanted
D:6:      layout_gridville, ebering_ghost_xom, fedhas_bush_and_centaur_altar,
          uniq_menkaure
D:7:      layout_basic
D:8:      layout_cave_pools, serial_shops, shop_statue, minmay_misc_feat_plants
D:9:      layout_rooms, minmay_orc_entry_temple_small, enter_bailey_1
D:10:     layout_basic, hangedman_ranch [blue_anna_fruit_fields],
          dk_yredelemnul_ordeal
D:11:     layout_cave_pools, dpeg_oklobed_lair, portal_ice_cave_entry_pillars_1,
          nicolae_trove_entry_free_sample, serial_shops, shop_statue
Temple:   compressed_dpeg_circular_temple
Lair:1:   layout_misc_corridors, enter_volcano_2
Lair:2:   layout_chaotic_city, elwin_shoals_entry_rocks, dummy_spider_entry,
          st_stairs_11
Volcano:  volcano_aerie

Skill      XL: |  1  2  3  4  5  6  7  8  9 10 11 12 |
---------------+-------------------------------------+-----
Stealth        | 3 5 |  5.1
Dodging        | 3 5 |  5.0
Spellcasting   | 4 5 6 7 8 11 12 | 12.0
Conjurations   | 5 6 7 9 12 14 16 | 16.4
Evocations     | 1 5 |  5.0
Shields        | 2 |  2.6
Ice Magic      | 4 5 |  5.2
Fighting       | 1 |  1.4

Action                   |  1- 3 |  4- 6 |  7- 9 | 10-12 || total
-------------------------+-------+-------+-------+-------++-------
Melee: Mace              |    16 |     4 |       |       ||    20
       Staff             |       |       |       |    10 ||    10
Throw: Stone             |       |       |       |     1 ||     1
 Cast: Magic Dart        |    65 |   103 |   125 |    37 ||   330
       Searing Ray       |     1 |    13 |    39 |    43 ||    96
       Fulminant Prism   |       |       |    13 |   124 ||   137
       Iskenderun's Myst |       |       |     8 |       ||     8
       Freeze            |       |       |       |    30 ||    30
       Throw Flame       |       |       |       |    89 ||    89
  Use: Scroll            |       |     6 |    10 |    10 ||    26
       Potion            |       |       |       |     7 ||     7
  Eat: Chunk             |       |     8 |     8 |    13 ||    29
       Ration            |       |       |     2 |     3 ||     5
Armor: Leather armour    |     7 |     2 |     7 |     7 ||    23
       Robe              |       |       |     5 |    52 ||    57
Dodge: Dodged            |    22 |    13 |    40 |    73 ||   148
Block: Large shield      |       |       |       |    11 ||    11
